Map: Dusk Towers

Players

LilDicky - Winner!

  • Race: Terran Terran
  • League: Diamond

Geo

  • Race: Zerg Zerg
  • League: Diamond

VOD

http://www.twitch.tv/tumescentpie

Description

Time

  • Played on: Dec. 12, 2015, 3:03 p.m.
  • Length: 6:12
Show
View Real Time Build Order
Export as new Build Order

LilDicky Terran - Winner!

Build Orders: Liberator Opening 

Get SALT Encoding   

  12  0:01  SCV  
  13  0:14  SCV  
  14  0:18  Supply Depot  
  14  0:26  SCV  
  15  0:31  Refinery  
  15  0:40  SCV  
  16  0:45  Barracks  
  16  0:52  SCV  
  17  1:04  SCV  
  18  1:16  SCV  
  20  1:32  Marine  
  20  1:34  Orbital Command  
  20  1:44  Command Center  
  20  1:50  Marine  
  21  1:57  Factory  
  21  2:00  SCV  
  22  2:07  Refinery  
  22  2:10  Marine  
  23  2:17  Supply Depot  
  23  2:39  SCV, Marine  
  25  2:48  Armory  
  25  2:50  Starport  
  25  2:51  Factory Tech Lab, SCV  
  26  3:01  Orbital Command  
  26  3:04  Marine  
  27  3:07  SCV  
  28  3:13  Refinery  
  28  3:22  Marine  
  28  3:24  SCV  
  30  3:30  Liberator  
  35  3:43  Thor  
  39  3:50  SCV  
  39  3:51  SCV  
  39  3:52  Marine  
  42  4:02  Supply Depot  
  42  4:03  SCV x2  
  44  4:12  Liberator  
  44  4:14  Marine  
  44  4:16  SCV  
  46  4:20  Supply Depot  
  46  4:24  SCV  
  47  4:26  Supply Depot  
  50  4:37  SCV  
  50  4:38  SCV  
  52  4:43  Marine  
  53  4:48  Thor  
  53  4:49  SCV  
  60  4:55  Supply Depot  
  60  4:57  SCV  
  61  5:01  SCV, Marine  
  63  5:10  SCV  
  63  5:13  SCV  
  64  5:37  Marine  
  64  5:41  SCV x2  
  76  5:53  SCV x2  
  77  6:01  Command Center  
Show
View Real Time Build Order
Export as new Build Order

Geo Zerg 

Build Orders: Hatch First 

Get SALT Encoding   

  12  0:02  Drone  
  13  0:08  Drone  
  14  0:17  Overlord  
  14  0:23  Drone, Extractor  
  16  0:35  Drone x2  
  17  0:46  Drone  
  18  0:56  Drone  
  19  1:00  Hatchery  
  19  1:03  Extractor  
  17  1:13  Spawning Pool  
  17  1:16  Drone  
  17  1:23  Drone  
  18  1:28  Drone  
  19  1:39  Drone  
  20  1:58  Drone  
  21  2:04  Roach Warren  
  21  2:05  Queen  
  22  2:13  Drone x3, Queen  
  27  2:19  Metabolic Boost  
  27  2:22  Zergling x2  
  28  2:26  Overlord  
  28  2:44  Drone x2, Queen  
  28  2:45  Drone  
  28  2:46  Drone  
  34  2:54  Drone  
  34  2:55  Drone  
  36  3:08  Overlord  
  36  3:26  Queen  
  38  3:27  Lair  
  38  3:28  Overlord  
  38  3:30  Hatchery  
  38  3:31  Drone x2  
  39  3:35  Zergling x4  
  39  3:38  Roach  
  43  3:55  Drone x8  
  49  3:56  Drone  
  49  3:59  Overlord  
  52  4:09  Baneling Nest  
  50  4:30  Evolution Chamber  
  49  4:31  Evolution Chamber  
  49  4:34  Spire  
  48  4:39  Evolution Chamber  
  47  4:47  Drone x2  
  47  4:48  Drone x10  
  59  5:01  Extractor  
  59  5:02  Extractor x2  
  56  5:08  Extractor x2  
  54  5:23  Zergling x12  
  54  5:24  Zergling x8  
  59  5:54  Zergling x2  
  59  5:55  Zergling x8  
Tags
 
Add a new tag
Caveats
  • Supply blocks, unpowered buildings, or Contaminate may cause inaccurate times.
  • Supply counts are checked every 10 seconds.